 Dungeon Crawl Stone Soup version 0.17.2-1-ge4368a0 (webtiles) character file.

18 ololoev the Skirmisher (level 2, -3/24 HPs)
             Began as a Demonspawn Fighter on Oct 25, 2016.
             Slain by an adder (4 damage)
             ... on level 2 of the Dungeon.
             The game lasted 00:02:17 (399 turns).

ololoev the Skirmisher (Demonspawn Fighter)          Turns: 399, Time: 00:02:17

Health: -3/24      AC:  6    Str: 21    XL:     2   Next: 51%
Magic:  2/2        EV: 10    Int:  9    God:
Gold:   42         SH:  0    Dex: 14    Spells: 0 memorised, 1 level left

rFire  + . .     SeeInvis .     a - +0 war axe
rCold  + . .     Clarity  .     b - +0 scale mail
rNeg   . . .     SustAt   .     (no shield)
rPois  +         Gourm    .     (no helmet)
rElec  +         Spirit   .     (no cloak)
rCorr  +         Warding  .     (no gloves)
rMut   .         Stasis   .     (no boots)
MR     .....                    (no amulet)
Stlth  +.........               (no ring)
                                k - +1 ring of evasion

@: mighty, lethally poisoned (-3 -> -12), resistant, not resistant to hostile
enchantments, very unstealthy
A: thin skeletal structure 1
a: no special abilities


Innate Abilities, Weirdness & Mutations

You have a somewhat thin skeletal structure (Dex +2, Stealth).

Inventory:

Hand Weapons
 a - a +0 war axe (weapon)
Missiles
 c - 2 throwing nets (quivered)
Armour
 b - a +0 scale mail (worn)
Jewellery
 k - a +1 ring of evasion (left hand)
Scrolls
 f - a scroll of remove curse {unknown}
 h - a scroll of enchant armour {unknown}
 i - a scroll of recharging {unknown}
Comestibles
 e - a bread ration
 j - a meat ration


   Skills:
 + Level 3.2 Fighting
 * Level 2.4 Axes
 + Level 2.9 Armour
   Level 2.6 Shields


You had one spell level left.
You didn't know any spells.


You were on level 2 of the Dungeon.
You were not hungry.

You visited 1 branch of the dungeon, and saw 3 of its levels.

You collected 42 gold pieces.

##### ###.... #
#.#.#.#.##.####
..............#
##.#.#.#>##.##
.......@...[.#
.#.#.#.#S#...#
.........#
#.#.#.#.###
.........# #.#
#.#.# # ##
#.... .. ..

Notes
Turn   | Place    | Note
--------------------------------------------------------------
     0 | D:1      | ololoev the Demonspawn Fighter began the quest for the Orb.
     0 | D:1      | Reached XP level 1. HP: 18/18 MP: 1/1
   219 | D:1      | Gained mutation: You have a somewhat thin skeletal structure (Dex +2, Stealth). [demonic ancestry]
   219 | D:1      | Reached XP level 2. HP: 10/24 MP: 2/2
   399 | D:2      | HP: 1/24 [poisoned by an adder]
   399 | D:2      | Slain by an adder

Dungeon Overview and Level Annotations

Branches:
Dungeon (3/15)

Altars:


Message History

You hit the adder.
The adder is heavily wounded.
You feel sick. The adder bites you. The adder bites you.
Your scale mail prevents you from hitting the adder.
The adder is heavily wounded.
You feel sick. The adder bites you.
You are more poisoned.
The adder poisons you! The adder completely misses you.
You miss the adder.
The adder is heavily wounded.
You feel sick. The adder barely misses you.
You closely miss the adder.
The adder is heavily wounded.
You feel sick. The adder bites you but does no damage. The adder bites you.
You are lethally poisoned!
The adder poisons you!
You closely miss the adder.
The adder is heavily wounded.
You feel sick. The adder bites you.
You are more poisoned.
The adder poisons you! The adder barely misses you.
Drink which item? (? for menu, Esc to quit)
It was a potion of resistance.
You feel protected.
You feel sick. The adder barely misses you.
Drink which item? (? for menu, Esc to quit)
You feel very mighty all of a sudden.
You feel sick. The adder bites you but does no damage.
The adder bites you but does no damage.
You closely miss the adder.
The adder is heavily wounded.
You feel sick. The adder barely misses you.
You miss the adder.
The adder is heavily wounded.
You feel sick. The adder bites you but does no damage.
The adder bites you but does no damage.
You barely miss the adder.
The adder is heavily wounded.
You feel sick. The adder bites you.
You die...

You could see an adder.

Vanquished Creatures
  2 giant cockroaches
  4 hobgoblins
  A giant newt (D:2)
  4 goblins
  4 kobolds
  2 rats
17 creatures vanquished.

Action                   || total
-------------------------++-------
Melee: War axe           ||    56
  Use: Potion            ||     2

Vault maps used:
D:1:      dpeg_arrival_tiny_d, hangedman_feature_mirror
D:2:      st_stairs_9
D:3:      minmay_goblin_kobold_castle, st_stairs_12, grunt_gozag_breadcrumbs
